 Dungeon Crawl Stone Soup version 0.28-a0-631-g0446da8ef9 (webtiles) character file.

Game seed: 7025852222115529762

1601 vnklnlv the Jinx (level 8, -12/36 HPs)
             Began as a Spriggan Enchanter on Oct 10, 2021.
             Was an Initiate of Dithmenos.
             Killed from afar by Harold (18 damage)
             ... with a harpoon shot
             ... on level 7 of the Dungeon.
             The game lasted 00:10:37 (7207 turns).

vnklnlv the Jinx (Spriggan Enchanter)               Turns: 7207, Time: 00:10:38

Health: -12/36     AC:  7    Str:  6    XL:     8   Next: 62%
Magic:  17/22      EV: 17    Int: 16    God:    Dithmenos [......]
Gold:   375        SH:  0    Dex: 16    Spells: 18/26 levels left

rFire   . . .      SeeInvis +   a - +1 dagger (spect)
rCold   . . .      Faith    .   (shield restricted)
rNeg    . . .      Spirit   .   b - +0 robe
rPois   +          Reflect  .   s - +2 hat
rElec   .          Harm     .   k - +2 cloak
rCorr   .          Rampage  .   (gloves unavailable)
Will    +....                   (boots unavailable)
Stlth   +++.......              f - amulet of magic regeneration
HPRegen 0.12/turn               i - ring of poison resistance
MPRegen 0.43/turn               (no ring)

@: mighty, attractive, very quick
A: very small, no large weapons, unfitting armour, see invisible, speed 3
a: Renounce Religion


You were on level 7 of the Dungeon.
You worshipped Dithmenos.
Dithmenos was noncommittal.
You visited 2 branches of the dungeon, and saw 8 of its levels.

You collected 375 gold pieces.

Inventory:

Hand Weapons
 a - a +1 spectral dagger (weapon)
 d - a +2 dagger of venom
 l - a +1 short sword of draining
Missiles
 u - a throwing net (quivered)
Armour
 b - a +0 robe (worn)
 k - a +2 cloak (worn)
 s - a +2 hat (worn)
Jewellery
 f - an amulet of magic regeneration (around neck)
 i - a ring of poison resistance (left hand)
Wands
 h - a wand of flame (17)
 m - a wand of acid (10)
 r - a wand of iceblast (9)
 v - a wand of charming (7)
Scrolls
 n - 3 scrolls of immolation
 p - 4 scrolls of teleportation
Potions
 c - a potion of invisibility
 e - a potion of might
 g - a potion of cancellation
 j - a potion of resistance
 q - a potion of lignification {unknown}
 t - a potion of curing {unknown}


   Skills:
 - Level 1.1 Short Blades
 - Level 2.6 Dodging
 * Level 5.4 Stealth
 + Level 9.5 Spellcasting
 + Level 9.8 Hexes


You had 18 spell levels left.
You knew the following spells:

 Your Spells              Type           Power      Damage    Failure   Level
a - Ensorcelled Hibernat  Hex/Ice        46%        N/A       1%          2
b - Tukima's Dance        Hex            39%        N/A       1%          3
c - Dazzling Flash        Conj/Hex       46%        N/A       3%          3

Your spell library contained the following spells:

 Spells                   Type           Power      Damage    Failure   Level
 Confusing Touch          Hex            39%        N/A       1%          3
 Summon Guardian Golem    Hex/Summ       23%        N/A       3%          3
 Animate Skeleton         Necr           14%        N/A       10%         1
 Pain                     Necr           28%        1d5       10%         1
 Summon Small Mammal      Summ           28%        N/A       10%         1
 Call Canine Familiar     Summ           7%         N/A       28%         3
 Vampiric Draining        Necr           3%         2d6       28%         3


Dungeon Overview and Level Annotations

Branches:
Dungeon (7/15)             Temple (1/1) D:6

Altars:
Ashenzari
Cheibriados
Dithmenos
Fedhas
Gozag
Hepliaklqana
Kikubaaqudgha
Makhleb
Nemelex Xobeh
Okawaru
Ru
Vehumet
Wu Jian
Xom
Zin
The Shining One

Annotations:
D:5 3 runed translucent doors, vkrn's ghost, novice SpEn
D:7 Harold


Innate Abilities, Weirdness & Mutations

You are very small and have problems with some larger weapons.
You are too small for most types of armour.
You have supernaturally acute eyesight. (SInv)
You cover ground extremely quickly. (Speed+++)


Message History

Casting: Ensorcelled Hibernation (safe; 1% risk of failure)
Confirm with . or Enter, or press ? or * to list all spells.
Aiming: Tukima's Dance (safe; 1% risk of failure)
Press: ? - help, Shift-Dir - straight line, f - Harold
Aim: Harold, wielding a +0 trident, wearing a +0 ring mail, quivering 2 throwing nets and carrying a wand of iceblast (5) (asleep, chance to affect: 32%) Harold shouts!
The +0 trident dances into the air!
Harold hits your +0 trident.
Unknown command.
Harold fires a harpoon shot at you.
The harpoon shot misses your +0 trident.
The harpoon shot hits you!
You are yanked forward by the harpoon shot.
You collide with your +0 trident!
Your +0 trident falls from the air.
Casting: Tukima's Dance (safe; 1% risk of failure)
Confirm with . or Enter, or press ? or * to list all spells.
Casting: Dazzling Flash (dangerous; 3% risk of failure)
Press: ? - help, Dir - look around, f - activate Unknown command.
Unknown command.
Casting: Dazzling Flash (dangerous; 3% risk of failure)
Confirm with . or Enter, or press ? or * to list all spells.
Aiming: Ensorcelled Hibernation (safe; 1% risk of failure)
Press: ? - help, Shift-Dir - straight line, f - Harold
Aim: Harold, wearing a +0 ring mail, quivering 2 throwing nets and carrying a wand of iceblast (5) (chance to affect: 20%) Harold looks drowsy...
The helpless Harold fails to defend himself.
You impale Harold!!
Harold is moderately wounded.
Harold closely misses you.
You feel very mighty all of a sudden.
Harold zaps a wand.
The mass of ice explodes!
The iceblast engulfs you!
* * * LOW HITPOINT WARNING * * *
Unknown command.
It was a potion of attraction.
You feel attractive to monsters. Harold fires a harpoon shot at you.
The harpoon shot hits you!!
Ouch! That really hurt!
You die...

###########################
#.......).......@..@).....#
#.########.#######.######.#
#.#...####.# #.# <#
...###..##.# ####.# .# #..#
#..##.# ##.##.######.#
##.###.#...###.#..........#
###...#.#..##.###.#...##..#
..##.........## ##.(......#
#.##..###..##.###.#...##..#


You could see Harold.

Vanquished Creatures
  A sky beast (D:5)
  A black bear (D:6)
  An ogre (D:4)
  2 necrophages
  A centaur (D:3)
  A phantom (D:6)
  2 scorpions
  A water moccasin skeleton (D:6)
  A jelly (D:6)
  A killer bee (D:7)
  A howler monkey (D:7)
  2 bullfrog zombies
  Crazy Yiuf (D:2)
  A bullfrog skeleton (D:5)
  A gnoll shaman (D:6)
  2 orc priests
  5 hounds
  4 iguanas
  2 orc wizards (D:6)
  A howler monkey skeleton (D:5)
  5 adders
  A gnoll (D:6)
  2 white imps
  A dart slug (D:1)
  3 worms
  17 orcs
  7 bats
  5 endoplasms
  3 giant cockroaches
  2 goblins (D:1)
  5 hobgoblins
  6 kobolds
  3 quokkas
  A ball python (D:2)
  4 frilled lizards
  4 rats
101 creatures vanquished.

Vanquished Creatures (collateral kills)
  2 gnolls (D:6)
  An orc (D:6)
3 creatures vanquished.

Vanquished Creatures (others)
  A dancing weapon (D:7)
1 creature vanquished.

Grand Total: 105 creatures vanquished

Notes
Turn   | Place    | Note
-------+----------+-------------------------------------------
     0 | D:1      | vnklnlv the Spriggan Enchanter began the quest for the Orb.
     0 | D:1      | Reached XP level 1. HP: 9/9 MP: 5/5
   436 | D:1      | Reached XP level 2. HP: 6/13 MP: 7/7
   440 | D:1      | Learned a level 2 spell: Ensorcelled Hibernation
   630 | D:1      | Found a faded altar of an unknown god.
  1277 | D:2      | Reached XP level 3. HP: 16/16 MP: 5/9
  1694 | D:2      | Found a burning altar of Makhleb.
  1870 | D:2      | Found a runed translucent door.
  1871 | D:2      | Noticed Crazy Yiuf
  1877 | D:2      | Killed Crazy Yiuf
  1878 | D:2      | Reached XP level 4. HP: 21/21 MP: 9/11
  1953 | D:2      | Reached skill level 5 in Hexes
  2201 | D:3      | Learned a level 3 spell: Tukima's Dance
  2205 | D:3      | Learned a level 3 spell: Dazzling Flash
  2262 | D:3      | Noticed a centaur
  2274 | D:3      | Killed a centaur
  2275 | D:3      | Reached skill level 5 in Spellcasting
  2275 | D:3      | Reached XP level 5. HP: 18/24 MP: 11/13
  2875 | D:3      | Found a sacrificial altar of Ru.
  3043 | D:4      | Noticed an ogre
  3051 | D:4      | Killed an ogre
  3052 | D:4      | Reached XP level 6. HP: 28/28 MP: 12/15
  3629 | D:5      | Entered Level 5 of the Dungeon
  4763 | D:5      | Reached XP level 7. HP: 32/32 MP: 18/18
  4910 | D:5      | Found a runed translucent gate.
  4910 | D:5      | Found a runed translucent gate.
  4912 | D:5      | Found a runed translucent gate.
  4912 | D:5      | Noticed vkrn's ghost (novice SpEn)
  5879 | D:6      | Reached XP level 8. HP: 28/36 MP: 21/21
  6576 | D:6      | Found a staircase to the Ecumenical Temple.
  6580 | Temple   | Entered the Ecumenical Temple
  6611 | Temple   | Became a worshipper of Dithmenos the Shadowed
  6943 | D:7      | Reached skill level 5 in Stealth
  7196 | D:7      | Noticed Harold
  7207 | D:7      | Killed from afar by Harold

Illustrated notes

Levels and vault maps discovered:
D:1:      lemuel_arrival_funnel, layout_loops_corners,
          dilly_ecumenical_altar_fadedgnrine
D:2:      minmay_chambers_of_twos, layout_rooms, basic_altar,
          uniq_crazy_yiuf_cottage
D:3:      layout_rooms, nicolae_ru_path_of_blood
D:4:      layout_loops_ring
D:5:      layout_loops_ring, gammafunk_ghost_split
D:6:      layout_basic, temple_statues
D:7:      layout_loops_ring, uniq_harold
Temple:   nicolae_temple_the_god_donut

Skill      XL: |  1  2  3  4  5  6  7  8 |
---------------+-------------------------+-----
Spellcasting   | 3 4 5 6 8 9 |  9.5
Hexes          | 4 5 6 7 8 9 |  9.8
Stealth        | 5 |  5.4
Short Blades   | |  1.1
Dodging        | |  2.6

Action                   |  1- 3 |  4- 6 |  7- 9 || total
-------------------------+-------+-------+-------++-------
Melee: Dagger            |    65 |   134 |   164 ||   363
 Cast: Ensorcelled Hiber |     3 |    15 |     7 ||    25
       Tukima's Dance    |       |       |     5 ||     5
       Dazzling Flash    |       |       |     1 ||     1
Evoke: Wand              |       |     1 |     1 ||     2
  Use: Scroll            |     2 |     7 |     2 ||    11
       Potion            |       |     1 |     2 ||     3
 Stab: Sleeping          |     7 |    18 |     7 ||    32
       Invisible         |       |     1 |       ||     1
       Distracted        |       |       |     2 ||     2
Armor: Robe              |     6 |    11 |    25 ||    42
Dodge: Dodged            |    46 |    93 |   115 ||   254

Table legend: (Time is in decaauts)
 A = Elapsed time spent in this place.
 B = Non-inter-level travel time spent in this place.
 C = Inter-level travel time spent in this place.
 D = Time resting spent in this place.
 E = Time spent auto-exploring this place.
 F = Levels seen in this place.
 G = Mean time per level.
                   A        B        C        D        E       F      G
               +--------+--------+--------+--------+--------+-----+--------+
         Total |   5699 |   5596 |    103 |    286 |   4450 |   8 |  712.4 |
       Dungeon |   5666 |   5576 |     90 |    286 |   4443 |   7 |  809.4 |
        Temple |     33 |     20 |     13 |      0 |      7 |   1 |   33.0 |
               +--------+--------+--------+--------+--------+-----+--------+

Top non-repeatable levels by time:
     D:6: 1353 daAuts
     D:5: 1320 daAuts
     D:2: 834 daAuts
     D:1: 823 daAuts
     D:3: 520 daAuts
     D:4: 511 daAuts
     D:7: 303 daAuts
  Temple: 33 daAuts
